 Dungeon Crawl Stone Soup version 0.29.1-15-g9cfb28693d (webtiles) character file.

Game seed: 13821219328054315939

57220 GeoRichter the Destroyer (level 15, -4/90 HPs)
             Began as a Kobold Brigand on Mar 16, 2023.
             Was a High Priest of Kikubaaqudgha.
             Killed by divine providence
             ... invoked by an orc priest
              (12 damage)
             ... on level 2 of the Orcish Mines.
             The game lasted 00:47:04 (24276 turns).

GeoRichter the Destroyer (Kobold Brigand)          Turns: 24276, Time: 00:47:05

Health: -4/90      AC: 10    Str:  8    XL:     15   Next: 25%
Magic:  6/38       EV: 19    Int: 18    God:    Kikubaaqudgha [*****.]
Gold:   1124       SH:  0    Dex: 20    Spells: 6/35 levels left

rFire   + + +      SeeInvis +   z - +8 short sword of Vuap {flame, rPois Dex+4}
rCold   . . .      Faith    .   (no shield)
rNeg    . . .      Spirit   .   B - +2 leather armour of the Ecumenical Temple {rPois MP+9}
rPois   +          Reflect  .   Q - +1 hat {SInv}
rElec   .          Harm     .   c - +0 cloak
rCorr   .          Rampage  .   G - +0 pair of gloves
Will    +....                   q - +1 pair of boots
Stlth   +++++.....              (no amulet)
HPRegen 0.25/turn               m - +4 ring of slaying
MPRegen 0.26/turn               s - ring "Ypoxtius" {rF+++ Dex-3 SInv}

@: death channelling, spiked, hasted, very quick
A: small, no large weapons, nightstalker 3
a: Renounce Religion, Unearth Wretches, Torment


You were on level 2 of the Orcish Mines.
You worshipped Kikubaaqudgha.
Kikubaaqudgha was extremely pleased with you.
You visited 4 branches of the dungeon, and saw 19 of its levels.

You collected 1453 gold pieces.
You spent 329 gold pieces at shops.

Inventory:

Hand Weapons
 z - the +8 short sword of Vuap (weapon) {flame, rPois Dex+4}
   (You found it on level 5 of the Dungeon)

   It burns those it strikes, dealing additional fire damage.
   Dex:       It affects your dexterity (+4).
   rPois:     It protects you from poison.
 K - the +7 Throatcutter {drain, coup de grace}
   (You found it on level 10 of the Dungeon)

   A truly terrible weapon, it drains the life of any living foe it strikes.
   It may instantly kill foes which have little health.
 P - the +2 whip "Demonslayer" {venom, rN+ Str-4 Int+8}
   (You found it on level 11 of the Dungeon)

   It poisons the flesh of those it strikes.
   Str:       It affects your strength (-4).
   Int:       It affects your intelligence (+8).
   rN:        It protects you from negative energy.
Missiles
 d - 13 poisoned darts
 e - 8 curare-tipped darts {!f}
 E - 2 throwing nets {!f}
Armour
 b - +0 swamp dragon scales
   (You took it off Maggie on level 7 of the Dungeon)
 c - a +0 cloak (worn)
 q - a +1 pair of boots (worn)
   (You found it on level 2 of the Dungeon)
 B - the +2 leather armour of the Ecumenical Temple (worn) {rPois MP+9}
   (You found it on level 6 of the Dungeon)

   rPois:     It protects you from poison.
   MP:        It affects your magic capacity (+9).
 G - a +0 pair of gloves (worn)
   (You found it on level 7 of the Dungeon)
 Q - a +1 hat of see invisible (worn)
   (You found it on level 4 of the Lair of Beasts)
Jewellery
 a - a ring of positive energy
   (You found it on level 3 of the Lair of Beasts)
 m - a +4 ring of slaying (left hand)
   (You found it on level 2 of the Dungeon)
 s - the ring "Ypoxtius" (right hand) {rF+++ Dex-3 SInv}
   (You acquired it on level 2 of the Lair of Beasts)

   [ring of see invisible]

   Dex:       It affects your dexterity (-3).
   rF:        It renders you almost immune to fire.
   SInv:      It lets you see invisible.
 y - a ring of flight
   (You found it on level 3 of the Lair of Beasts)
 R - a ring of poison resistance
   (You found it on level 5 of the Lair of Beasts)
Wands
 p - a wand of paralysis (5)
   (You found it on level 4 of the Lair of Beasts)
 A - a wand of roots (9)
   (You found it on level 1 of the Lair of Beasts)
 F - a wand of digging (1)
   (You took it off Duvessa on level 7 of the Dungeon)
 O - a wand of flame (21)
   (You found it on level 1 of the Lair of Beasts)
Scrolls
 f - 6 scrolls of immolation {!r}
 i - 3 scrolls of blinking
 k - 5 scrolls of fear
 n - 5 scrolls of teleportation {@r4}
 o - 9 scrolls of poison
 r - 2 scrolls of noise {!r}
 u - 3 scrolls of amnesia
 x - 7 scrolls of enchant armour
 C - 2 scrolls of magic mapping
 H - a scroll of enchant weapon
 I - a scroll of identify {@r1}
 L - 2 scrolls of torment {!r}
Potions
 g - a potion of flight
 h - 3 potions of berserk rage
 j - 6 potions of curing {@q1}
 l - 2 potions of cancellation
 t - 3 potions of might
 v - 2 potions of haste {@q3}
 D - 4 potions of mutation {!q}
 J - a potion of brilliance
 M - a potion of attraction {!q}
 N - 2 potions of lignification {!q}


   Skills:
 - Level 9.0 Fighting
 - Level 6.4 Short Blades
 - Level 2.1 Throwing
 + Level 8.4 Dodging
 - Level 6.9 Stealth
 + Level 10.5 Spellcasting
 - Level 13.0 Conjurations
 + Level 12.4 Necromancy
 * Level 10.5 Earth Magic


You had 6 spell levels left.
You knew the following spells:

 Your Spells              Type           Power      Damage    Failure   Level
a - Stone Arrow           Conj/Erth      100%       3d13      1%          3
b - Animate Dead          Necr           52%        N/A       1%          4
c - Borgnjor's Vile Clut  Necr/Erth      25%        N/A       2%          5
d - Iron Shot             Conj/Erth      25%        9d5       14%         6
e - Death Channel         Necr           26%        N/A       11%         6
f - Iskenderun's Battles  Conj           54%        2d10      1%          5

Your spell library contained the following spells:

 Spells                   Type           Power      Damage    Failure   Level
 Necrotise                Necr           100%       1d9       1%          1
 Sandblast                Erth           94%        2d19      1%          1
 Passwall                 Tmut/Erth      23%        N/A       1%          2
 Vampiric Draining        Necr           52%        2d9       1%          3
 Agony                    Necr           52%        N/A       1%          5
 Anguish                  Hex/Necr       15%        N/A       9%          4
 Beastly Appendage        Tmut           18%        N/A       11%         1
 Sting                    Tmut/Pois      36%        1d4       11%         1
 Animate Armour           Summ/Erth      56%        N/A       13%         4
 Blink                    Tloc           18%        N/A       17%         2
 Ensorcelled Hibernation  Hex/Ice        18%        N/A       17%         2
 Poisonous Vapours        Pois/Air       18%        N/A       17%         2
 Wereblood                Tmut           9%         N/A       17%         2
 Corpse Rot               Necr/Pois/Air  24%        N/A       21%         4
 Fireball                 Conj/Fire      16%        3d8       22%         5
 Call Canine Familiar     Summ           9%         N/A       32%         3
 Lesser Beckoning         Tloc           9%         N/A       32%         3
 Ozocubu's Armour         Ice            9%         N/A       32%         3
 Spider Form              Tmut/Pois      9%         N/A       32%         3
 Swiftness                Air            9%         N/A       32%         3
 Olgreb's Toxic Radiance  Pois           9%         N/A       73%         4
 Summon Lightning Spire   Summ/Air       9%         N/A       73%         4
 Conjure Ball Lightning   Conj/Air       16%        3x3d6     75%         6
 Starburst                Conj/Fire      16%        6d6       75%         6
 Simulacrum               Ice/Necr       15%        N/A       78%         6
 Blade Hands              Tmut           4%         N/A       97%         5
 Manifold Assault         Tloc           9%         N/A       97%         5
 Orb of Destruction       Conj           27%        9d9       41%         7
 Lehudib's Crystal Spear  Conj/Erth      25%        10d7      99%         8
 Spellforged Servitor     Conj/Summ      16%        N/A       100%        7
 Storm Form               Tmut/Air       4%         N/A       100%        7
 Ignition                 Fire           4%         3d4       100%        8
 Maxwell's Capacitive Co  Air            4%         ∞         100%        8
 Chain Lightning          Conj/Air       16%        3d21      100%        9
 Fire Storm               Conj/Fire      16%        8d4       100%        9
 Shatter                  Erth           23%        3d20*     100%        9


Dungeon Overview and Level Annotations

Branches:
Dungeon (11/15) Zot: 25431  Temple (1/1) D:5 Zot: 5747    Lair (5/5) D:8 Zot: 19116
 Shoals (0/4) Lair:3       Spider (0/4) Lair:2        Slime (0/5) Lair:4
    Orc (2/2) D:11 Zot: 11354
    Elf: Orc:2

Altars:
Ashenzari
Cheibriados
Dithmenos
Elyvilon
Fedhas
Gozag
Hepliaklqana
Kikubaaqudgha
Makhleb
Nemelex Xobeh
Okawaru
Qazlal
Ru
Sif Muna
Trog
Uskayaw
Vehumet
Wu Jian
Xom
Yredelemnul
Zin
The Shining One
Jiyva

Shops:
D:1 :*   D:7 (   Orc:2 ?

Annotations:
D:3 1 runed translucent door, P0WERM0DE's ghost, amateur PaAr
D:4 1 transporter, Achh's ghost, novice MiFi
D:9 3 runed translucent doors, MacCMillion's ghost, novice TrFi


Innate Abilities, Weirdness & Mutations

You are small and have problems with some larger weapons.
You are completely attuned to the shadows.


Message History

The orc priest dies!
Kikubaaqudgha accepts your kill.
A glowing mist starts to gather...
You swap places.
The orc priest looks braver for a moment.
The orc hits your warg zombie with a +0 flail.
The orc high priest starts to sing a prayer.
The orc high priest hits your orc priest zombie with a +0 short sword.
Your orc priest zombie barely misses the orc high priest.
Your orc zombie hits the orc high priest.
Your warg zombie bites the orc high priest.
Your orc priest zombie barely misses the orc.
Things that are here:
a +0 flail; an orc corpse You swap places.
Your orc knight zombie completely misses the red devil.
The red devil hits you from afar with a +0 trident.
* * * LOW HITPOINT WARNING * * *
Barbed spikes become lodged in your body.
Your spectral orc priest barely misses the orc.
Your troll zombie completely misses the orc high priest.
Your troll zombie claws the orc high priest! x2
The orc closely misses your warg zombie.
The orc priest calls upon Beogh to heal the orc.
The orc's wounds heal themselves!
The orc high priest hits your troll zombie with a +0 short sword!
Your orc warrior zombie barely misses the orc priest.
Things that are here:
a +0 dagger; an orc corpse You puncture the orc high priest!
You burn the orc high priest.
Your warg zombie bites the orc high priest.
The orc high priest dies!
Kikubaaqudgha accepts your kill.
The soul eater disappears in a puff of smoke!
The red devil disappears in a puff of smoke!
A glowing mist starts to gather...
Your orc priest zombie hits the orc priest.
Your orc zombie hits the orc.
Your spectral orc hits the orc priest.
Your spectral orc drains the orc priest.
Your spectral orc priest hits the orc.
Your orc priest zombie closely misses the orc.
You puncture the orc! You burn the orc.
You kill the orc!
Kikubaaqudgha accepts your kill.
A glowing mist starts to gather...
The orc priest begins to cast a cantrip, but forgets the words!
The orc priest calls down the wrath of Beogh upon you.
Beogh smites you!
You die...
Kikubaaqudgha rasps: "You have failed me!
Welcome... death!"

#..##..### ###.....
#....§...####.......
.#......§.....##........
.#.......).§..##...#.#...
.......#.................
#......).)..............
.#.....Z§.######..###
......ZZZZ.# #..#
......o§@ZZ# ..#..#
..#...ZZZ)Z# ..#
...#....).)#


oo# .#.......Z###Z##h .....o...).)Zooo .........###o##o ......#..# o.# ....#..#
..# .......# ..# You could see 2 orc priests, 2 friendly spectral orcs, a
friendly spectral orc priest, a friendly spectral orc high priest, a friendly
warg zombie, a friendly orc zombie, 2 friendly orc warrior zombies, 2 friendly
orc priest zombies, a friendly orc knight zombie and a friendly troll zombie.

Vanquished Creatures
  2 catoblepae (Lair:5)
  2 hydras
  4 two-headed ogres
  11 death yaks
  3 orc high priests (Orc:2)
  Sonja (Orc:2)
  An orb spider (Lair:2)
  An orc knight (Orc:2)
  An ugly thing (D:10)
  2 manticores
  An oklob plant (Lair:4)
  16 elephants
  A black mamba (Lair:4)
  Maggie (D:7)
  8 cane toads
  4 komodo dragons
  A rime drake (Lair:3)
  A troll (Orc:2)
  A wind drake (Lair:3)
  2 polar bears
  5 blink frogs
  3 dream sheep (Lair:4)
  A shadow (D:8)
  2 wraiths (D:10)
  39 yaks
  4 wyverns
  A basilisk (Lair:1)
  A steam dragon (Lair:3)
  2 vampire mosquitoes (D:10)
  3 wargs (Orc:2)
  An acid dragon (D:11)
  9 water moccasins
  Duvessa (D:7)
  8 orc warriors
  An ice beast (D:7)
  2 sky beasts
  2 black bears
  25 wolves
  2 ogres
  5 centaurs
  2 phantoms
  12 bullfrogs
  2 gnoll sergeants
  A scorpion (D:6)
  Dowan (D:7)
  9 wights
  9 killer bees (D:7)
  5 howler monkeys (D:9)
  7 jellies
  4 hounds
  10 orc priests
  A gnoll bouda (D:6)
  11 orc wizards
  2 iguanas
  Robin (D:2)
  16 gnolls
  9 adders
  A shadow imp (D:6)
  A white imp (D:7)
  An ufetubus (D:6)
  3 worms
  5 dart slugs
  51 orcs
  6 endoplasms
  2 giant cockroaches
  9 goblins
  10 hobgoblins
  7 jackals
  4 quokkas
  4 ball pythons
  6 bats
  2 frilled lizards
  3 kobolds
  8 rats
406 creatures vanquished.

Vanquished Creatures (collateral kills)
  3 hydras
  3 death yaks
  An orc high priest (Orc:2)
  A manticore (Lair:5)
  7 elephants
  A black mamba (Lair:5)
  A cane toad (Lair:5)
  A torpor snail (Lair:4)
  A komodo dragon (Lair:5)
  A polar bear (Lair:5)
  3 blink frogs (Lair:5)
  A dream sheep (Lair:4)
  24 yaks
  A basilisk (Lair:4)
  A warg (Orc:2)
  An orc warrior (D:11)
  8 wolves
  7 jellies (Lair:4)
  3 orc priests (Orc:2)
  An orc wizard (D:11)
  10 orcs
  An endoplasm (Lair:4)
81 creatures vanquished.

Vanquished Creatures (others)
  2 hydras (Lair:4)
  An elephant (Lair:4)
  2 death yak zombies
  A cane toad (Lair:5)
  A hydra zombie (Lair:2)
  A dream sheep (Lair:5)
  A yak (Lair:5)
  A cane toad zombie (Lair:5)
  3 water moccasins (Lair:4)
  8 elephant zombies
  A bullfrog (Lair:4)
  2 water moccasin zombies
  A warg zombie (Orc:2)
  2 polar bear zombies
  12 yak zombies
  8 wolf zombies
  An acid dragon zombie (D:11)
  2 orcs (D:7)
  17 orc zombies
  3 bushes (Lair:2)
  70 fungi
  110 plants
250 creatures vanquished.

Grand Total: 737 creatures vanquished

Notes
Turn   | Place    | Note
-------+----------+-------------------------------------------
     0 | D:1      | GeoRichter the Kobold Brigand began the quest for the Orb.
     0 | D:1      | Reached XP level 1. HP: 12/12 MP: 1/1
   133 | D:1      | Reached XP level 2. HP: 17/17 MP: 2/2
   372 | D:1      | Found Gymiskar's Vocational Training.
   419 | D:1      | Reached XP level 3. HP: 17/21 MP: 3/3
   602 | D:1      | Found Vedap's Assorted Antiques.
  1423 | D:2      | Noticed Robin
  1532 | D:2      | Reached XP level 4. HP: 23/26 MP: 4/4
  1562 | D:2      | Reached skill level 5 in Short Blades
  2013 | D:2      | Reached XP level 5. HP: 28/30 MP: 5/5
  2224 | D:2      | Found a faded altar of an unknown god.
  2246 | D:2      | Killed Robin
  3066 | D:3      | Found a runed translucent door.
  3177 | D:3      | Noticed P0WERM0DE's ghost (amateur PaAr)
  3455 | D:3      | Reached XP level 6. HP: 36/36 MP: 6/6
  3564 | D:4      | Found a basalt altar of Yredelemnul.
  3817 | D:4      | Found a stormy altar of Qazlal.
  3876 | D:4      | Found a transporter.
  3878 | D:4      | Noticed Achh's ghost (novice MiFi)
  3903 | D:4      | Found a radiant altar of Vehumet.
  4098 | D:5      | Entered Level 5 of the Dungeon
  4151 | D:5      | Noticed a water moccasin
  4160 | D:5      | Found a staircase to the Ecumenical Temple.
  4164 | Temple   | Entered the Ecumenical Temple
  4394 | Temple   | Became a worshipper of Kikubaaqudgha
  4484 | D:5      | Reached skill level 1 in Earth Magic
  4548 | D:5      | Identified the +8 short sword of Vuap {flame, rPois Dex+4}
  4554 | D:5      | Reached skill level 1 in Spellcasting
  4554 | D:5      | Reached skill level 1 in Conjurations
  4558 | D:5      | Learned a level 3 spell: Stone Arrow
  4663 | D:5      | Reached XP level 7. HP: 35/40 MP: 7/9
  4762 | D:5      | Killed a water moccasin
  4763 | D:5      | Reached skill level 2 in Conjurations
  4983 | D:5      | Found a burning altar of Makhleb.
  4990 | D:5      | Reached XP level 8. HP: 45/45 MP: 10/12
  5175 | D:6      | Identified the +2 leather armour of the Ecumenical Temple
                  | {rPois MP+9}
  5284 | D:6      | Found a broken altar of Ashenzari.
  5386 | D:6      | Reached skill level 3 in Conjurations
  5629 | D:6      | Reached skill level 5 in Earth Magic
  6058 | D:7      | Noticed Dowan
  6066 | D:7      | Noticed Duvessa
  6076 | D:7      | Killed Duvessa
  6077 | D:7      | Reached skill level 4 in Conjurations
  6079 | D:7      | Killed Dowan
  6080 | D:7      | Reached XP level 9. HP: 43/49 MP: 15/15
  6118 | D:7      | Reached * piety under Kikubaaqudgha
  6118 | D:7      | Received a gift from Kikubaaqudgha
  6402 | D:7      | Noticed Maggie
  6419 | D:7      | Killed Maggie
  6788 | D:7      | Reached skill level 5 in Spellcasting
  6788 | D:7      | Reached skill level 5 in Conjurations
  7100 | D:7      | Found Tietz's Antique Weapon Emporium.
  7606 | D:8      | Found a glowing golden altar of the Shining One.
  7606 | D:8      | Found a bloodstained altar of Trog.
  7606 | D:8      | Found a glowing silver altar of Zin.
  7883 | D:8      | Found a staircase to the Lair.
  8070 | D:8      | Reached XP level 10. HP: 54/54 MP: 12/18
  8310 | D:8      | Found a shimmering altar of Xom.
  8519 | D:8      | Noticed a two-headed ogre
  8526 | D:8      | Killed a two-headed ogre
  8527 | D:8      | Reached skill level 6 in Conjurations
  8742 | D:9      | Found a runed translucent gate.
  8743 | D:9      | Found a runed translucent gate.
  8744 | D:9      | Found a runed translucent gate.
  8777 | D:9      | Found a hazy altar of Hepliaklqana.
  8889 | D:9      | Reached skill level 1 in Necromancy
  8894 | D:9      | Learned a level 4 spell: Animate Dead
  9198 | D:9      | Reached ** piety under Kikubaaqudgha
  9883 | D:9      | Noticed a centaur warrior
  9884 | D:9      | Noticed MacCMillion's ghost (novice TrFi)
 10043 | D:10     | Entered Level 10 of the Dungeon
 10723 | D:10     | Found an opulent altar of Gozag.
 10825 | D:10     | Found a shadowy altar of Dithmenos.
 10828 | D:10     | Noticed a green ugly thing
 10829 | D:10     | Killed a green ugly thing
 10830 | D:10     | Reached skill level 7 in Conjurations
 10830 | D:10     | Reached XP level 11. HP: 61/61 MP: 21/21
 10906 | D:10     | Noticed a two-headed ogre
 10926 | D:10     | Killed a two-headed ogre
 11379 | D:10     | Found the +7 Throatcutter {drain, coup de grace}
 11547 | D:10     | Reached skill level 5 in Necromancy
 11876 | D:11     | Reached skill level 5 in Fighting
 11924 | Lair:1   | Entered Level 1 of the Lair of Beasts
 12199 | Lair:1   | Reached skill level 8 in Conjurations
 12398 | Lair:1   | Noticed a six-headed hydra
 12406 | Lair:1   | Killed a six-headed hydra
 12446 | Lair:1   | Reached *** piety under Kikubaaqudgha
 12446 | Lair:1   | Received a gift from Kikubaaqudgha
 12606 | Lair:1   | Reached XP level 12. HP: 31/70 MP: 2/24
 14114 | Lair:2   | Noticed a death yak
 14121 | Lair:2   | Noticed a death yak
 14124 | Lair:2   | Noticed a death yak
 14127 | Lair:2   | Noticed a death yak
 14139 | Lair:2   | Killed a death yak
 14145 | Lair:2   | Noticed an eight-headed hydra
 14152 | Lair:2   | Reached skill level 9 in Conjurations
 14491 | Lair:2   | Learned a level 5 spell: Borgnjor's Vile Clutch
 14498 | Lair:2   | Learned a level 6 spell: Iron Shot
 14513 | Lair:2   | Killed an eight-headed hydra
 14740 | Lair:2   | Noticed a death yak
 14742 | Lair:2   | Noticed a death yak
 14745 | Lair:2   | Noticed a death yak
 14747 | Lair:2   | Killed a death yak
 14750 | Lair:2   | Killed a death yak
 14751 | Lair:2   | Reached XP level 13. HP: 78/78 MP: 21/26
 14754 | Lair:2   | Reached **** piety under Kikubaaqudgha
 14770 | Lair:2   | Learned a level 6 spell: Death Channel
 14886 | Lair:2   | Learned a level 5 spell: Iskenderun's Battlesphere
 14887 | Lair:2   | Reached skill level 10 in Necromancy
 15280 | Lair:2   | Reached skill level 10 in Conjurations
 15525 | Lair:2   | Identified a scroll of acquirement
 15525 | Lair:2   | Acquired the ring "Ypoxtius" {rF+++ Dex-3 SInv}
 15838 | Lair:2   | Found a hole to the Spider Nest.
 17267 | Lair:3   | Reached skill level 11 in Conjurations
 17418 | Lair:3   | Found a staircase to the Shoals.
 17717 | Lair:4   | Noticed a four-headed hydra
 17738 | Lair:4   | Noticed a four-headed hydra
 17754 | Lair:4   | Killed a four-headed hydra
 17756 | Lair:4   | Killed a four-headed hydra
 17757 | Lair:4   | Reached XP level 14. HP: 45/84 MP: 9/27
 18239 | Lair:4   | Reached skill level 5 in Dodging
 18775 | Lair:4   | Found a viscous altar of Jiyva.
 18776 | Lair:4   | Found a staircase to the Slime Pits.
 19127 | Lair:5   | Entered Level 5 of the Lair of Beasts
 19295 | Lair:5   | Reached skill level 12 in Conjurations
 19339 | Lair:5   | Reached ***** piety under Kikubaaqudgha
 20539 | Lair:5   | Reached skill level 13 in Conjurations
 20732 | Lair:5   | Reached skill level 10 in Spellcasting
 20789 | Lair:5   | Got Icetuja's Compendium of Algid Leadership
 22496 | D:11     | Reached XP level 15. HP: 90/90 MP: 6/29
 22536 | D:11     | Found a staircase to the Orcish Mines.
 22876 | D:11     | Reached skill level 10 in Earth Magic
 22924 | D:11     | Identified the +2 whip "Demonslayer" {venom, rN+ Str-4
                  | Int+8}
 23662 | Orc:1    | Entered Level 1 of the Orcish Mines
 23835 | Orc:2    | Entered Level 2 of the Orcish Mines
 24048 | Orc:2    | Found Fosmolum's Magic Scroll Boutique.
 24053 | Orc:2    | Bought a scroll of blinking for 112 gold pieces
 24053 | Orc:2    | Bought a scroll of teleportation for 45 gold pieces
 24053 | Orc:2    | Bought a scroll of enchant armour for 112 gold pieces
 24053 | Orc:2    | Bought a scroll of fog for 60 gold pieces
 24092 | Orc:2    | Noticed Sonja
 24094 | Orc:2    | Killed Sonja
 24250 | Orc:2    | HP: 2/90 [orc priest/divine providence (13)]
 24276 | Orc:2    | Killed from afar by an orc priest

Illustrated notes

Levels and vault maps discovered:
D:1:      tarquinn_simple_flora_water_b, layout_loops_ring, serial_shops,
          nicolae_shop_overgrown_old_shop, chequers_mini_garden,
          minmay_misc_feat_rows, nicolae_shop_vocational
D:2:      layout_basic, dreamdust_ecumenical_altar_grove, minmay_between,
          uniq_robin
D:3:      cheibrodos_old_hovel, layout_rooms, gammafunk_ghost_grave,
          kennysheep_nub
D:4:      layout_basic, nicolae_vehumet_altar_sigil, grunt_qazlal_clouds,
          mainiacjoe_overflow_brackets, gammafunk_ghost_mausoleum,
          chequers_serial_rivers_room_b
D:5:      layout_cave_pools, makhleb_heckhound_becter,
          minmay_temple_entry_overgrown, hangedman_decor_peaks_small,
          chequers_serial_rivers_small_a
D:6:      layout_basic, mainiacjoe_overflow_concentric_impassable
D:7:      layout_layer_cave, serial_shops, nicolae_shop_overgrown_old_shop,
          minivault_1, uniq_duvessa, uniq_maggie
D:8:      layout_rooms, gammafunk_temple_overflow_forgotten,
          mainiacjoe_overflow_alcove_2, dpeg_oklobed_lair
D:9:      layout_irregular_city, nicolae_overflow_crystal_walls,
          gammafunk_ghost_split
D:10:     layout_stronghold, nicolae_gozag_seed_capital,
          grunt_dithmenos_smoke_and_mirrors
D:11:     layout_irregular_city, hiddenorc2_lemuel
Temple:   cyrus_temple_forest
Lair:1:   layout_small_grid, serial_bayou_shore_a, grunt_megastairs_5
Lair:2:   layout_regular_city, nicolae_spider_entry_orb_guardian,
          nicolae_lair_lil_pond, nicolae_lair_grazing_beasts
          [nicolae_sub_lair_graze_edge, nicolae_sub_lair_graze_edge,
          nicolae_sub_lair_graze_edge, nicolae_sub_lair_graze_edge]
Lair:3:   layout_hall_layers, minmay_shoals_entry_beasts
Lair:4:   layout_long_grid, minmay_slime_entry_jelly_boxes, grunt_megastairs_2
Lair:5:   evilmike_catoblepas_cave, layout_gridlike, minmay_lindwurm_lava
Orc:1:    layout_caves, nicolae_orc_pool_cavern
Orc:2:    st_orc_town, layout_caves, serial_shops, shop_statue, basic_altar,
          library_closet, uniq_sonja

Skill      XL: |  1  2  3  4  5  6  7  8  9 10 11 12 13 14 15 |
---------------+----------------------------------------------+-----
Short Blades   | 3 4 5 6 |  6.4
Stealth        | 6 |  6.9
Earth Magic    | 2 4 6 8 9 10 | 10.5
Spellcasting   | 1 2 4 5 7 8 9 10 | 10.5
Conjurations   | 1 2 4 5 7 8 9 11 13 | 13.0
Necromancy     | 3 7 9 11 12 | 12.4
Fighting       | 4 6 7 8 9 |  9.0
Dodging        | 2 4 7 8 |  8.4
Throwing       | |  2.1

Action                   |  1- 3 |  4- 6 |  7- 9 | 10-12 | 13-15 || total
-------------------------+-------+-------+-------+-------+-------++-------
Melee: Dagger            |    73 |   129 |       |       |       ||   202
       Short sword       |       |     9 |   107 |    71 |   258 ||   445
       Punch             |       |       |     1 |       |     7 ||     8
Throw: Dart              |     2 |    16 |     5 |     2 |       ||    25
 Cast: Stone Arrow       |       |       |    18 |   211 |   171 ||   400
       Animate Dead      |       |       |       |     6 |    12 ||    18
       Death Channel     |       |       |       |       |    17 ||    17
       Iskenderun's Batt |       |       |       |       |     8 ||     8
       Borgnjor's Vile C |       |       |       |       |    27 ||    27
       Iron Shot         |       |       |       |       |     3 ||     3
Invok: Unearth Wretches  |       |       |       |       |     3 ||     3
Evoke: Wand              |       |       |       |     8 |    11 ||    19
  Use: Scroll            |       |     8 |       |     9 |    17 ||    34
       Potion            |       |       |     4 |     2 |    10 ||    16
 Stab: Sleeping          |    17 |    18 |    11 |     1 |     6 ||    53
       Distracted        |       |     1 |       |     1 |    11 ||    13
       Invisible         |       |       |     6 |     3 |       ||     9
Armor: Robe              |     5 |    21 |     9 |       |       ||    35
       Leather armour    |       |       |    31 |    30 |    81 ||   142
Dodge: Dodged            |    26 |    60 |    87 |    67 |   228 ||   468
